 Dungeon Crawl Stone Soup version 0.27.1-1-g398f81649c (webtiles) character file.

Game seed: 10654970740351998162

4 Elvor the Sneak (level 1, -2/14 HPs)
             Began as a Gargoyle Delver on Sept 15, 2021.
             Slain by an ufetubus (3 damage)
             ... on level 4 of the Dungeon.
             The game lasted 00:02:15 (313 turns).

Elvor the Sneak (Gargoyle Delver)                    Turns: 313, Time: 00:02:15

Health: -2/14      AC:  5    Str: 15    XL:     1   Next: 60%
Magic:  1/1        EV: 11    Int: 10    God:
Gold:   108        SH:  0    Dex: 11    Spells: 0/0 levels left

rFire    . . .     SeeInvis .   a - +0 mace
rCold    . . .     Faith    .   (no shield)
rNeg     + . .     Spirit   .   b - +0 leather armour
rPois    ∞         Reflect  .   (no helmet)
rElec    +         Harm     .   (no cloak)
rCorr    .         Rampage  .   (no gloves)
Will     .....                  (no boots)
Stlth    +++.......             (no amulet)
HPRegen  0.04/turn              (no ring)
MPRegen  0.07/turn              (no ring)

@: no status effects
A: sickness immunity, AC +2, negative energy resistance 1, electricity
resistance, torment resistance 1, petrification resistance
a: no special abilities


You were on level 4 of the Dungeon.
You visited 1 branch of the dungeon, and saw 2 of its levels.

You collected 108 gold pieces.

Inventory:

Hand Weapons
 a - a +0 mace (weapon)
Missiles
 h - 45 stones (quivered)
Armour
 b - a +0 leather armour (worn)
Wands
 g - a wand of digging (3)
Scrolls
 c - a scroll of fog
 d - a scroll of magic mapping
 e - 4 scrolls of fear
 f - a scroll of identify {unknown}
 i - a scroll of teleportation {unknown}


   Skills:
 + Level 3.3 Fighting
 + Level 2.0 Maces & Flails
 + Level 1.5 Dodging
 + Level 5.7 Stealth


You couldn't memorise any spells.
You didn't know any spells.
Your spell library was empty.

Dungeon Overview and Level Annotations

Branches:
Dungeon (5/15)
 Temple: D:4-7

Altars:
Cheibriados
Dithmenos
Kikubaaqudgha
Nemelex Xobeh
The Shining One

Annotations:
D:5 Ijyb


Innate Abilities, Weirdness & Mutations

You are immune to sickness and miasma.
Your stone body is resilient. (AC +2)
You are immune to poison.
You resist negative energy. (rN+)
You are resistant to electric shocks. (rElec)
You are resistant to unholy torment.
You are immune to petrification.


Message History

The ufetubus is lightly wounded.
Throw: 47 stones
Press: ? - help, Q - select action Shift-Dir - straight line, f/p - ufetubus
Aim: an ufetubus (lightly wounded, 35% to hit)
You throw a stone. The stone hits the ufetubus.
The ufetubus is heavily wounded.
Throw: 46 stones
Press: ? - help, Q - select action Shift-Dir - straight line, f/p - ufetubus
Aim: an ufetubus (heavily wounded, 35% to hit)
You throw a stone. The stone hits the ufetubus.
The ufetubus is severely wounded.
You closely miss the ufetubus.
The ufetubus is severely wounded.
The ufetubus hits you but does no damage.
The ufetubus hits you. x3
You closely miss the ufetubus.
The ufetubus is severely wounded.
The ufetubus hits you. x2; The ufetubus closely misses you.
The ufetubus hits you but does no damage.
You closely miss the ufetubus.
The ufetubus is severely wounded.
The ufetubus misses you. The ufetubus closely misses you.
The ufetubus hits you. The ufetubus closely misses you.
You barely miss the ufetubus.
The ufetubus is severely wounded.
The ufetubus closely misses you.
The ufetubus hits you but does no damage.
The ufetubus closely misses you.
The ufetubus hits you but does no damage.
You barely miss the ufetubus.
The ufetubus is severely wounded.
The ufetubus closely misses you. The ufetubus hits you.
* * * LOW HITPOINT WARNING * * *
The ufetubus hits you.
* * * LOW HITPOINT WARNING * * *
The ufetubus misses you.
You barely miss the ufetubus.
The ufetubus is severely wounded.
The ufetubus hits you.
You die...

..............#
...............
...............
.............(.
...............
...........(...
........5.(.#
.......@## ###
#######..# ##.## ##.##
#...## ###..####
##....# ####.......#
##......
##..........####.......
#...........##....(..).
#......................
#...........###........


You could see an ufetubus.

Vanquished Creatures
  A dart slug (D:4)
  An endoplasm (D:4)
2 creatures vanquished.

Notes
Turn   | Place    | Note
-------+----------+-------------------------------------------
     0 | D:5      | Elvor the Gargoyle Delver began the quest for the Orb.
     0 | D:5      | Reached XP level 1. HP: 14/14 MP: 1/1
    15 | D:5      | Noticed a jelly
   113 | D:5      | Noticed Ijyb
   221 | D:4      | Found a shadowy altar of Dithmenos.
   221 | D:4      | Found an ancient bone altar of Kikubaaqudgha.
   222 | D:4      | Found a sparkling altar of Nemelex Xobeh.
   223 | D:4      | Found a snail-covered altar of Cheibriados.
   224 | D:4      | Found a glowing golden altar of the Shining One.
   313 | D:4      | Slain by an ufetubus

Illustrated notes

Levels and vault maps discovered:
D:4:      layout_cave_pods, grunt_temple_overflow_open, serial_shops, shop,
          ebering_ghost_disaster_area
D:5:      layout_loops_corners, minmay_temple_entry_poolview, st_stairs_8,
          uniq_ijyb

Action                   || total
-------------------------++-------
Melee: Mace              ||    11
Throw: Stone             ||     3
  Use: Potion            ||     1
Armor: Leather armour    ||     5
Dodge: Dodged            ||    12
